 Dungeon Crawl Stone Soup version 0.14-a0-3367-g7c2a7eb (webtiles) character file.

1328 4tharraofdagon the Chopper (level 8, 44/74 HPs)
             Began as a Troll Fighter on Mar 19, 2014.
             Was a Follower of Makhleb.
             Starved to death
             ... on Level 8 of the Dungeon.
             The game lasted 00:10:02 (2050 turns).

4tharraofdagon the Chopper (Troll Fighter)          Turns: 2050, Time: 00:10:02

HP  44/74        AC  5     Str 25      XL: 8   Next: 14%
MP   6/6         EV  8     Int  9      God: Makhleb [*.....]
Gold 195         SH 17     Dex  9      Spells:  0 memorised,  7 levels left

rFire  . . .     SeeInvis .     D - +0 war axe
rCold  . . .     Clarity  .     b - +0 robe
rNeg   . . .     Conserve .     c - +0 shield
rPois  +         rCorr    .     (helmet restricted)
rElec  .         rRot     .     (no cloak)
SustAb . .       Spirit   .     (gloves unavailable)
rMut   .         Warding  .     (boots unavailable)
Gourm  +         Stasis   .     (no amulet)
MR     .....                    G - +3 ring of intelligence
                                f - ring of poison resistance

@: not resistant to hostile enchantments, very unstealthy
A: unfitting armour, claws 3, fast metabolism 3, gourmand, regeneration 2,
saprovore 2, shaggy fur 1, tough skin 2
a: Renounce Religion


You were on level 8 of the Dungeon.
You worshipped Makhleb.
Makhleb was aware of your devotion.
You were starving.

You visited 2 branches of the dungeon, and saw 10 of its levels.

You collected 195 gold pieces.

Inventory:

Hand weapons
 a - a +0,+0 war axe
 w - the cursed -1,-2 spear of Crawling {speed, rF+ rN+ Stlth++, unknown}
   (You found it on level 6 of the Dungeon)

   Attacks with this weapon are significantly faster.
   It protects you from fire.
   It protects you from negative energy.
   It makes you much more stealthy.
   It has a curse placed upon it.
 D - a +0,+0 war axe (weapon)
Armour
 b - a +0 robe (worn)
 c - a +0 shield (worn)
Magical devices
 e - a wand of hasting (2)
 B - a wand of random effects (4)
 C - a wand of fireball (2)
Comestibles
 d - 3 meat rations
 h - 3 bread rations
 E - a rambutan
Scrolls
 j - a scroll of recharging {unknown}
 k - 2 scrolls of random uselessness
 n - 3 scrolls of blinking
 o - a scroll of immolation {unknown}
 p - 2 scrolls of noise {unknown}
 s - a scroll of enchant armour {unknown}
 u - 3 scrolls of teleportation
 v - a scroll of fear {unknown}
 x - a scroll of identify {unknown}
 y - a scroll of amnesia {unknown}
Jewellery
 f - a ring of poison resistance (left claw)
 t - an uncursed amulet of inaccuracy {unknown}
 G - a +3 ring of intelligence (right claw)
Potions
 i - a potion of lignification {unknown}
 l - 2 potions of restore abilities {unknown}
 m - 2 potions of curing {unknown}
 q - a potion of brilliance {unknown}
 r - a potion of poison {unknown}
 z - a potion of heal wounds {unknown}
 A - 2 potions of confusion {unknown}
Books
 F - a book of Maledictions

   Spells                             Type                      Level
   Corona                             Hexes                        1
   Sure Blade                         Hexes/Charms                 2
   Ensorcelled Hibernation            Hexes/Ice                    2
   Confuse                            Hexes                        3
   Enslavement                        Hexes                        4
   Invisibility                       Hexes                        6


   Skills:
 - Level 2.4 Fighting
 * Level 7.8 Axes
 - Level 2.4 Dodging
 - Level 2.4 Shields
 + Level 2.3 Evocations


You had 7 spell levels left.
You didn't know any spells.

Dungeon Overview and Level Annotations

Branches:
Dungeon (9/15)             Temple (1/1) D:6
    Orc: D:9-12        Lair: D:8-11

Altars:
Ashenzari
Dithmenos
Elyvilon
Kikubaaqudgha
Makhleb
Nemelex Xobeh
Trog
Vehumet
Xom
Yredelemnul
Zin
The Shining One

Annotations:
D:5 Prince Ribbit


Innate Abilities, Weirdness & Mutations

You are too large for most types of armour.
You have claws for hands.
Your metabolism is lightning-fast.
You like to eat raw meat.
You heal very quickly.
You can eat rotten meat.
You are covered in fur (AC +1).
You have very tough skin (AC +2).


Message History

Unknown command.
Unknown command.
Unknown command.
Unknown command.
Unknown command.
Unknown command.
Unknown command.
You closely miss the hungry ghost.
The hungry ghost is severely damaged.
The hungry ghost hits you but does no damage.
The hungry ghost hits you.
You feel slightly more hungry.
You miss the hungry ghost.
The hungry ghost is severely damaged.
The hungry ghost hits you but does no damage.
You hit the hungry ghost.
The hungry ghost is severely damaged.
The hungry ghost barely misses you.
Your magical contamination has completely faded away.
You have starved to death.
You die...

#.# ### ##'## #..
.. ##...## # .....
##.....## #)##.#.#
##.......##
#.#..#.#
#.........###......
'.........+.......
#.........#
#..p.###.#
##.......##
#...@....#
##.....##
####.##### ##...##
#.# #+## #.# #.#
#.# #.# #.#
##.##########.#
##...##..).....#
#.....#)########


You could see a hungry ghost.

Vanquished Creatures
  A vampire mosquito (D:8)
  2 phantoms
  An ogre (D:8)
  Duvessa (D:8)
  A giant frog (D:9)
  A water moccasin zombie (D:6)
  A scorpion (D:7)
  A crimson imp (D:6)
  3 hounds
  Dowan (D:8)
  An orc priest (D:7)
  An iguana (D:4)
  An orc wizard (D:3)
  4 worker ants
  The ghost of 4tharraofdagon the Chopper, a weakling TrFi (D:3)
  Terence (D:3)
  2 adders (D:3)
  A shadow imp (D:6)
  A giant mite (D:6)
  A giant gecko (D:5)
  3 oozes (D:3)
  15 orcs
  2 giant cockroaches
  7 hobgoblins
  7 jackals
  3 kobolds
  4 quokkas
  9 bats
  3 giant newts
  A goblin (D:4)
  An orc skeleton (D:4)
  3 rats
85 creatures vanquished.

Notes
Turn   | Place    | Note
--------------------------------------------------------------
     0 | D:1      | 4tharraofdagon, the Troll Fighter, began the quest for the Orb.
     0 | D:1      | Reached XP level 1. HP: 22/22 MP: 1/1
    41 | D:3      | Reached XP level 2. HP: 21/29 MP: 1/1
    57 | D:3      | Noticed 4tharraofdagon's ghost (weakling TrFi)
    65 | D:3      | Killed 4tharraofdagon's ghost
    65 | D:3      | Reached XP level 3. HP: 26/36 MP: 2/2
    87 | D:3      | Noticed Terence
    92 | D:3      | Killed Terence
    92 | D:3      | Reached skill level 3 in Axes
   152 | D:3      | Noticed an orc wizard
   174 | D:3      | Killed an orc wizard
   174 | D:3      | Reached XP level 4. HP: 13/44 MP: 2/2
   236 | D:3      | Found a shimmering altar of Xom.
   240 | D:3      | Found a glowing silver altar of Zin.
   242 | D:3      | Found a shadowy altar of Dithmenos.
   370 | D:3      | Reached skill level 4 in Axes
   491 | D:3      | Reached XP level 5. HP: 50/50 MP: 2/2
   514 | D:4      | Noticed a phantom
   565 | D:4      | Killed a phantom
   565 | D:4      | Reached skill level 5 in Axes
   702 | D:4      | HP: 2/50 [iguana (7)]
   825 | D:4      | Reached XP level 6. HP: 48/59 MP: 3/3
   892 | D:5      | Entered Level 5 of the Dungeon
  1022 | D:5      | Noticed Prince Ribbit
  1185 | D:5      | Reached skill level 6 in Axes
  1248 | D:6      | Reached XP level 7. HP: 48/66 MP: 3/3
  1349 | D:6      | Got a slimy spear
  1358 | D:6      | Found a staircase to the Ecumenical Temple.
  1365 | Temple   | Entered the Ecumenical Temple
  1399 | Temple   | Became a worshipper of Makhleb the Destroyer
  1650 | D:7      | Acquired Makhleb's first power
  1684 | D:7      | Reached skill level 7 in Axes
  1684 | D:7      | Reached skill level 1 in Evocations
  1752 | D:7      | Found an ancient bone altar of Kikubaaqudgha.
  1853 | D:9      | Found a shimmering altar of Xom.
  1886 | D:9      | Noticed a centaur warrior
  1894 | D:9      | Noticed an eight-headed hydra
  1909 | D:8      | Reached XP level 8. HP: 33/74 MP: 4/5
  1982 | D:8      | Noticed Duvessa
  1982 | D:8      | Noticed Dowan
  1994 | D:8      | Killed Dowan
  2002 | D:8      | Killed Duvessa
  2050 | D:8      | Starved to death

Action                   |  1- 3 |  4- 6 |  7- 9 || total
-------------------------+-------+-------+-------++-------
Melee: War axe           |    42 |   189 |   138 ||   369
Evoke: Wand              |       |     1 |     5 ||     6
  Use: Potion            |     1 |       |     1 ||     2
       Scroll            |       |       |     3 ||     3
